Map: Monobattle LotV - Kimeran Refuge

Players

Hiruma - Winner!

  • Race: Zerg Zerg

Rafier - Winner!

  • Race: Zerg Zerg
  • League: Master

Grumm - Winner!

  • Race: Terran Terran
  • League: Gold

SeniorFrog - Winner!

  • Race: Protoss Protoss
  • League: Platinum

seMshiNguMi

  • Race: Terran Terran

Mike

  • Race: Protoss Protoss

ZERGASSASIN

  • Race: Protoss Protoss
  • League: Master

Karvik

  • Race: Zerg Zerg
  • League: Silver

VOD

Have the link to the VOD?

Description

Time

  • Played on: Feb. 10, 2016, 3:56 p.m.
  • Length: 10:05
Show
View Real Time Build Order
Export as new Build Order

Hiruma Zerg - Winner!

Build Orders: Pool First 

Get SALT Encoding   

  6  0:02  Drone  
  13  0:11  Drone  
  14  0:23  Overlord  
  14  0:48  Drone  
  15  0:49  Drone x2  
  17  1:04  Spawning Pool  
  17  1:07  Drone  
  17  1:20  Drone  
  17  1:27  Extractor  
  17  1:43  Drone  
  18  1:59  Overlord  
  18  2:08  Extractor  
  17  2:16  Queen  
  19  2:19  Drone  
  19  2:20  Drone  
  21  2:48  Spine Crawler  
  20  2:50  Drone x2  
  22  3:02  Spine Crawler  
  21  3:18  Drone  
  22  3:26  Lair  
  22  3:35  Drone x2  
  24  4:11  Drone x2  
  24  4:18  Spine Crawler  
  25  4:27  Drone  
  25  4:28  Spine Crawler  
  25  4:58  Spire  
  24  5:29  Drone  
  24  5:30  Drone x2  
  27  6:05  Hatchery  
  26  6:09  Spine Crawler  
  26  6:11  Spine Crawler  
  24  6:39  Mutalisk x3  
  24  6:48  Zerg Flyer Weapons Level 1  
  30  7:08  Overlord x2  
  30  7:46  Mutalisk x3  
  36  7:56  Drone  
  37  8:37  Queen  
  39  8:47  Drone x2  
  39  8:48  Drone  
  42  8:53  Mutalisk x3  
  42  8:58  Overlord x2  
  48  8:59  Overlord  
  48  9:22  Mutalisk  
  50  9:51  Drone x3  
  53  9:59  Extractor  
  53  10:04  Extractor  
  51  11:07  Drone x3  
  54  11:10  Drone x2  
  54  11:11  Drone  
  54  11:17  Mutalisk x2  
  54  11:18  Mutalisk x2  
  65  11:27  Zerg Flyer Armor Level 1  
  65  12:18  Mutalisk x2  
  69  13:07  Mutalisk x3  
  75  13:12  Overlord  
  75  13:13  Overlord x2  
Show
View Real Time Build Order
Export as new Build Order

Rafier Zerg - Winner!

Build Orders: 3 Hatch before Pool, Lurkers 

Get SALT Encoding   

  6  0:02  Drone  
  13  0:17  Overlord  
  13  0:23  Drone  
  14  0:42  Drone  
  14  0:43  Drone  
  14  0:48  Drone  
  17  1:16  Drone, Hatchery  
  17  1:21  Drone  
  17  1:26  Extractor  
  17  1:34  Drone  
  18  1:49  Drone  
  19  2:09  Drone  
  14  2:18  Drone  
  21  2:40  Hatchery  
  21  2:41  Spawning Pool  
  19  2:49  Drone  
  19  2:50  Drone  
  21  2:59  Drone  
  22  3:12  Drone x2  
  24  3:52  Spine Crawler  
  24  3:55  Extractor  
  24  3:57  Lair  
  21  3:59  Queen  
  21  4:03  Spine Crawler  
  21  4:13  Drone, Extractor  
  21  4:14  Drone  
  22  4:22  Spine Crawler  
  22  4:33  Spine Crawler  
  22  4:35  Drone x2  
  22  4:45  Spine Crawler  
  22  5:05  Spine Crawler  
  21  5:10  Drone  
  21  5:11  Drone x3, Extractor  
  24  5:20  Hydralisk Den  
  24  5:27  Drone  
  24  5:29  Drone  
  25  5:44  Queen  
  25  5:48  Drone x2  
  30  5:54  Drone  
  30  5:55  Drone  
  32  6:02  Extractor  
  30  6:27  Drone  
  31  6:29  Hydralisk  
  31  6:31  Lurker Den  
  33  6:40  Overlord x2  
  30  7:12  Hydralisk x2  
  30  7:14  Drone  
  30  7:15  Drone x4  
  39  7:23  Queen  
  36  7:44  Spore Crawler  
  32  7:50  Drone  
  32  7:51  Drone  
  32  7:56  Drone  
  35  8:04  Drone x4  
  37  8:12  Lurker x2  
  37  8:15  Hydralisk  
  41  8:23  Drone  
  41  8:24  Drone  
  42  8:37  Drone  
  42  8:38  Drone  
  44  8:52  Overlord x3  
  44  9:17  Queen  
  46  9:30  Drone, Evolution Chamber  
  46  9:34  Spore Crawler  
  46  9:35  Hatchery  
  46  9:37  Evolution Chamber  
  43  9:39  Drone  
  43  9:40  Drone x2  
  43  9:43  Lurker  
  47  10:09  Drone x4  
  47  10:11  Zerg Missile Weapons Level 1  
  47  10:16  Zerg Ground Armor Level 1  
  51  10:20  Drone x3  
  51  10:28  Hydralisk  
  56  10:46  Hydralisk  
  56  10:47  Hydralisk x2  
  59  10:55  Overlord x2  
  59  11:02  Hydralisk  
  61  11:17  Hydralisk x2  
  65  11:19  Queen  
  65  11:23  Drone  
  68  11:30  Lurker x2  
  68  11:31  Lurker  
  71  11:40  Lurker  
  71  11:43  Overlord x2  
  71  11:46  Lurker  
  73  12:00  Drone x2  
  73  12:01  Drone x5  
  80  12:14  Hydralisk x2  
  84  12:34  Hydralisk x3  
  90  12:47  Hydralisk x3  
  96  13:12  Lurker x2  
  96  13:17  Drone x4  
  96  13:18  Drone x3, Extractor  
  104  13:19  Overlord, Extractor  
  104  13:20  Overlord x2  
Show
View Real Time Build Order
Export as new Build Order

Grumm Terran - Winner!

Build Orders:  

Get SALT Encoding   

  6  0:02  SCV  
  13  0:19  SCV  
  14  0:39  Supply Depot, SCV  
  14  0:44  Refinery  
  15  1:00  Refinery  
  15  1:09  SCV  
  16  1:24  Barracks  
  16  1:32  Engineering Bay  
  16  1:34  SCV  
  17  2:04  SCV  
  18  2:21  SCV  
  19  2:39  Command Center  
  19  2:56  SCV  
  20  3:12  Factory  
  20  3:21  SCV  
  21  3:36  Factory  
  21  3:37  Barracks Tech Lab  
  21  3:49  Missile Turret  
  21  4:03  Missile Turret  
  21  4:39  Factory Tech Lab  
  21  4:43  Missile Turret  
  21  4:44  Siege Tank  
  24  5:01  Planetary Fortress  
  24  5:15  SCV  
  25  5:31  Siege Tank  
  25  5:32  SCV  
  29  5:51  Orbital Command  
  29  5:57  Hi-Sec Auto Tracking  
  29  6:06  Siege Tank  
  32  6:13  SCV  
  33  6:30  SCV  
  34  6:45  Supply Depot  
  34  6:48  SCV  
  35  6:49  SCV  
  35  6:56  Siege Tank  
  36  7:05  SCV  
  36  7:06  SCV  
  38  7:15  Siege Tank  
  41  7:58  SCV x2  
  43  8:01  Siege Tank  
  46  8:32  Supply Depot  
  46  8:34  Supply Depot  
  46  8:46  Supply Depot  
  46  9:02  Siege Tank x2, SCV x2  
  46  9:06  Missile Turret  
  51  9:12  Missile Turret  
  51  9:18  Refinery  
  51  9:19  SCV x2  
  51  9:22  Refinery  
  53  9:36  SCV  
  54  9:47  Siege Tank x2  
  60  9:53  Missile Turret  
  60  9:55  Missile Turret  
  60  9:57  Missile Turret  
  60  10:26  Armory  
  60  10:32  Siege Tank x2  
  66  10:41  Armory  
  66  10:50  SCV x2  
  66  10:53  Siege Tank x2  
  66  10:54  Siege Tank  
  68  11:02  Command Center  
  68  11:07  Command Center, Building Armor  
  68  11:50  Siege Tank  
  50  12:33  Siege Tank  
  50  12:34  Siege Tank  
  56  13:18  Siege Tank  
  62  13:55  Command Center  
  62  13:57  Command Center  
Show
View Real Time Build Order
Export as new Build Order

SeniorFrog Protoss - Winner!

Build Orders: Phoenix Opening 

Get SALT Encoding   

  6  0:06  Probe (Chrono Boost)  
  13  0:21  Probe (Chrono Boost)  
  14  0:36  Probe (Chrono Boost)  
  14  0:37  Assimilator  
  15  0:43  Pylon  
  15  1:09  Gateway  
  15  1:22  Probe (Chrono Boost)  
  16  1:37  Probe (Chrono Boost)  
  17  1:47  Forge  
  17  1:59  Probe (Chrono Boost)  
  18  2:14  Probe (Chrono Boost)  
  18  2:17  Cybernetics Core  
  19  2:20  Pylon  
  19  2:31  Pylon  
  19  2:39  Pylon  
  19  2:47  Probe (Chrono Boost)  
  20  2:54  Assimilator  
  20  3:02  Probe (Chrono Boost)  
  20  3:08  Protoss Air Weapons Level 1 (Chrono Boost)  
  21  3:17  Probe (Chrono Boost)  
  22  3:30  Stargate  
  22  3:32  Probe (Chrono Boost)  
  23  3:44  Pylon  
  23  3:46  Probe (Chrono Boost)  
  24  3:54  Photon Cannon  
  24  4:16  Mothership Core (Chrono Boost)  
  26  4:45  Nexus  
  26  4:58  Phoenix (Chrono Boost)  
  28  5:05  Probe  
  29  5:22  Probe  
  30  5:39  Probe  
  31  5:52  Protoss Air Armor Level 1 (Chrono Boost)  
  31  5:58  Phoenix (Chrono Boost)  
  33  6:16  Pylon  
  33  6:17  Pylon  
  33  6:19  Pylon  
  33  6:20  Pylon  
  33  7:56  Probe  
  34  8:01  Probe  
  34  8:07  Stargate  
  35  8:11  Probe  
  35  8:13  Phoenix (Chrono Boost)  
  35  8:18  Probe  
  39  8:22  Fleet Beacon  
  39  8:29  Probe  
  39  8:35  Assimilator  
  40  8:41  Assimilator  
  40  8:43  Phoenix (Chrono Boost)  
  40  8:44  Probe  
  34  9:09  Probe  
  34  9:12  Probe  
  34  9:26  Probe (Chrono Boost)  
  19  9:29  Probe (Chrono Boost)  
  16  9:44  Probe (Chrono Boost)  
  17  9:56  Phoenix x2  
  17  9:58  Probe (Chrono Boost)  
  22  10:12  Probe (Chrono Boost)  
  22  10:13  Probe (Chrono Boost)  
  24  10:28  Probe (Chrono Boost)  
  25  10:42  Probe (Chrono Boost)  
  25  10:47  Probe (Chrono Boost)  
  27  10:51  Phoenix  
  27  10:52  Phoenix  
  27  10:57  Probe (Chrono Boost)  
  32  11:02  Probe (Chrono Boost)  
  33  11:12  Probe (Chrono Boost)  
  33  11:16  Probe (Chrono Boost)  
  35  11:27  Probe (Chrono Boost)  
  35  12:15  Probe (Chrono Boost)  
  29  12:30  Probe (Chrono Boost)  
  30  12:41  Anion Pulse-Crystals (Chrono Boost)  
  30  12:45  Probe  
  31  13:27  Phoenix  
  33  13:31  Probe (Chrono Boost)  
  34  13:47  Probe (Chrono Boost)  
Show
View Real Time Build Order
Export as new Build Order

seMshiNguMi Terran 

Build Orders:  

Get SALT Encoding   

  6  0:02  SCV  
  13  0:20  SCV  
  14  0:30  Supply Depot  
  14  0:37  SCV  
  15  1:00  SCV  
  15  1:04  Barracks  
  16  1:09  Refinery  
  16  1:17  SCV  
  17  1:34  SCV, Barracks  
  18  1:47  Refinery  
  18  1:51  SCV  
  19  2:08  SCV  
  20  2:19  Barracks  
  20  2:25  SCV  
  22  2:31  Reaper  
  22  2:45  Reaper  
  23  2:55  Orbital Command  
  23  3:02  Supply Depot  
  23  3:31  Barracks  
  23  3:37  Reaper x2  
  26  3:48  Unknown  
  26  4:00  Unknown  
  26  4:22  Reaper x2  
  25  5:07  Reaper  
  11  6:16  Reaper  
  13  6:20  Unknown x3  
  13  6:21  Unknown  
  10  6:49  Unknown x2  
  10  6:57  Unknown  
  8  7:18  Orbital Command  
  8  7:25  Unknown  
  2  8:08  Unknown  
  2  8:09  Unknown  
  2  8:22  Unknown  
  2  8:23  Unknown  
  2  8:33  Unknown  
  2  8:34  Unknown  
  2  8:54  Unknown x2  
  2  9:06  Unknown  
  2  9:07  Unknown  
  2  9:18  Unknown  
  2  9:19  Unknown  
  2  9:31  Unknown x2  
  2  9:43  Unknown  
  2  9:44  Unknown  
  2  9:54  Unknown  
  2  9:55  Unknown  
  2  10:05  Unknown  
  2  10:06  Unknown  
  2  10:44  Unknown  
  2  10:45  Unknown  
  2  10:57  Unknown x2  
  2  11:11  Unknown x2  
Show
View Real Time Build Order
Export as new Build Order

Mike Protoss 

Build Orders:  

Get SALT Encoding   

  6  0:02  Probe (Chrono Boost)  
  13  0:17  Probe (Chrono Boost)  
  14  0:27  Pylon  
  14  0:32  Probe (Chrono Boost)  
  15  0:53  Probe (Chrono Boost)  
  16  1:07  Probe (Chrono Boost)  
  17  1:22  Probe (Chrono Boost)  
  18  1:32  Nexus  
  18  1:37  Probe (Chrono Boost)  
  19  1:48  Gateway  
  19  1:52  Probe (Chrono Boost)  
  20  2:05  Assimilator  
  20  2:07  Probe (Chrono Boost)  
  21  2:13  Assimilator  
  21  2:31  Probe (Chrono Boost)  
  21  2:36  Pylon  
  22  2:45  Probe (Chrono Boost)  
  23  2:58  Pylon  
  23  3:02  Probe (Chrono Boost)  
  24  3:16  Probe (Chrono Boost)  
  24  6:58  Nexus  
  24  7:19  Probe (Chrono Boost)  
  25  7:34  Probe (Chrono Boost)  
  26  8:06  Cybernetics Core  
Show
View Real Time Build Order
Export as new Build Order

ZERGASSASIN Protoss 

Build Orders: Cannon Rush 

Get SALT Encoding   

  6  0:03  Probe (Chrono Boost)  
  13  0:18  Probe (Chrono Boost)  
  14  0:25  Pylon  
  14  0:38  Probe (Chrono Boost)  
  15  0:50  Forge  
  15  0:53  Probe (Chrono Boost)  
  16  1:15  Probe (Chrono Boost)  
  17  1:24  Pylon  
  17  1:32  Probe (Chrono Boost)  
  18  1:50  Photon Cannon  
  18  1:51  Photon Cannon  
  18  2:00  Photon Cannon  
  18  2:05  Probe (Chrono Boost)  
  19  2:21  Probe (Chrono Boost)  
  20  2:43  Probe (Chrono Boost)  
  21  2:48  Gateway  
  21  2:52  Assimilator  
  21  2:59  Assimilator  
  21  3:13  Pylon  
  21  3:15  Probe (Chrono Boost)  
  22  3:21  Pylon  
  22  3:40  Probe (Chrono Boost)  
  23  3:52  Photon Cannon  
  23  3:56  Cybernetics Core  
  23  4:01  Photon Cannon  
  23  4:20  Nexus  
  23  4:21  Probe (Chrono Boost)  
  24  4:29  Pylon  
  24  4:48  Probe (Chrono Boost)  
  25  4:56  Stargate  
  25  5:04  Stargate  
  25  5:39  Assimilator  
  25  5:47  Assimilator  
  25  5:50  Photon Cannon  
  25  5:59  Oracle (Chrono Boost)  
  28  6:12  Probe x2 (Chrono Boost)  
  28  6:15  Oracle (Chrono Boost)  
  33  6:21  Photon Cannon  
  33  6:24  Pylon  
  33  6:28  Probe  
  34  6:40  Probe  
  34  6:45  Probe  
  36  6:55  Oracle (Chrono Boost)  
  36  6:57  Probe  
  40  7:02  Probe  
  41  7:14  Probe  
  42  7:18  Probe  
  43  7:30  Oracle (Chrono Boost), Probe  
  43  7:35  Probe  
  48  8:01  Oracle (Chrono Boost)  
  48  8:02  Probe x2  
  53  8:24  Probe  
  53  8:25  Probe  
  55  8:41  Probe  
  55  8:42  Mothership Core  
  55  8:45  Nexus  
  55  8:47  Pylon  
  58  8:50  Pylon  
  58  9:11  Probe  
  58  9:12  Probe  
  66  9:39  Oracle x2 (Chrono Boost)  
  66  9:41  Probe x2  
  66  9:44  Protoss Air Armor Level 1  
  62  9:53  Stargate  
  62  9:58  Pylon  
  62  10:02  Pylon  
  62  10:07  Photon Cannon  
  62  10:11  Photon Cannon  
  62  10:13  Pylon  
  62  10:26  Oracle (Chrono Boost)  
  62  10:27  Oracle (Chrono Boost)  
  62  10:54  Probe  
  62  10:56  Probe x2  
  62  11:10  Oracle x2 (Chrono Boost)  
  62  11:13  Probe  
Show
View Real Time Build Order
Export as new Build Order

Karvik Zerg 

Build Orders: Pool First 

Get SALT Encoding   

  6  0:06  Drone  
  13  0:13  Drone  
  14  0:37  Overlord x2  
  14  0:58  Extractor  
  13  1:02  Extractor  
  13  1:03  Drone x2  
  14  1:18  Drone  
  15  1:26  Drone  
  16  1:39  Drone  
  17  1:56  Drone  
  17  1:58  Spawning Pool  
  17  2:17  Drone  
  18  2:26  Drone  
  19  2:41  Drone  
  20  3:00  Drone  
  20  3:04  Hatchery  
  20  3:11  Drone  
  21  3:20  Roach Warren  
  21  3:22  Drone  
  21  3:37  Drone  
  22  3:49  Queen  
  24  4:06  Drone  
  24  4:07  Evolution Chamber  
  24  4:09  Evolution Chamber  
  24  4:10  Drone  
  24  4:24  Overlord  
  24  4:44  Roach  
  26  4:50  Zerg Missile Weapons Level 1  
  26  4:52  Zerg Ground Armor Level 1  
  26  4:57  Drone  
  27  5:03  Roach  
  27  5:07  Drone  
  30  5:16  Roach  
  32  5:31  Drone x2  
  32  5:34  Roach  
  32  5:36  Roach  
  38  5:42  Roach  
  38  5:48  Roach  
  42  5:52  Drone  
  43  6:02  Overlord  
  43  6:15  Drone  
  44  6:32  Queen  
  44  6:35  Roach x3  
  52  6:39  Overlord  
  52  6:44  Overlord  
  52  6:54  Lair  
  52  7:22  Drone x5  
  52  7:23  Drone x3  
  60  8:20  Drone  
  60  8:21  Drone  
  60  8:24  Roach x4  
  60  8:27  Overlord  
  60  8:28  Overlord x2  
  68  8:29  Overlord x2  
  68  8:33  Extractor  
  68  8:36  Extractor  
  64  8:39  Zerg Missile Weapons Level 2  
  64  8:41  Zerg Ground Armor Level 2  
  48  9:06  Glial Reconstitution  
  48  9:10  Roach  
  48  9:11  Roach x4  
  48  9:12  Roach x2  
  48  9:15  Overseer  
  48  9:18  Overseer  
  62  9:21  Overseer  
  62  9:25  Drone x2  
  62  9:27  Overlord  
  64  9:29  Overlord  
  64  9:43  Roach x3  
  70  10:15  Drone  
  70  10:16  Drone x2  
  73  10:19  Drone x3  
  73  10:22  Roach x4  
  84  10:56  Tunneling Claws  
  84  11:08  Burrow  
  84  11:17  Roach x5  
  84  11:18  Roach x4  
  102  11:19  Roach x3  
  96  12:22  Roach x2  
  96  12:23  Roach x5  
  96  12:24  Roach x3  
  116  12:32  Roach  
  116  12:35  Roach x6  
  92  13:34  Roach x5  
  92  13:35  Roach x4  
  92  13:36  Roach x3  
Tags
 
Add a new tag
Caveats
  • Supply blocks, unpowered buildings, or Contaminate may cause inaccurate times.
  • Supply counts are checked every 10 seconds.